Map: Cerulean Fall LE

Players

ShoWTimE - Winner!

  • Race: Protoss Protoss
  • League: Grandmaster
  • Spawn Location: 1:00

Elazer

  • Race: Zerg Zerg
  • Spawn Location: 7:00

Event: IEM Season 13 - Katowice Server Qualifiers Europe

VOD

Have the link to the VOD?

Description

Time

  • Played on: Jan. 8, 2019, 11:19 a.m.
  • Length: 9:24

All games in this series

Show
View Real Time Build Order
Export as new Build Order

ShoWTimE Protoss - Winner!

Build Orders: 1 Gate Expand, Oracle Opening, Phoenix Opening, Chargelot Immortal, Mass Phoenix 

Get SALT Encoding   

  12  0:01  Probe  
  13  0:13  Probe  
  14  0:17  Pylon  
  14  0:24  Probe  
  15  0:32  Probe  
  15  0:39  Gateway  
  15  0:40  Probe  
  16  0:47  Assimilator  
  17  0:51  Probe  
  18  1:03  Probe  
  19  1:15  Probe  
  20  1:25  Nexus  
  20  1:35  Cybernetics Core  
  20  1:38  Probe  
  21  1:46  Assimilator  
  21  1:51  Probe  
  22  1:55  Pylon  
  22  2:03  Probe  
  22  2:04  Adept  
  23  2:15  Probe  
  26  2:18  Stargate  
  26  2:22  Adept  
  26  2:25  Warp Gate  
  26  2:27  Probe  
  27  2:33  Probe  
  30  2:39  Probe  
  30  2:41  Probe  
  31  2:48  Adept  
  34  2:51  Probe x2  
  34  2:56  Phoenix  
  36  3:03  Probe  
  36  3:05  Probe  
  40  3:11  Pylon  
  40  3:15  Probe  
  40  3:17  Probe  
  42  3:20  Oracle  
  45  3:27  Probe  
  45  3:29  Probe  
  45  3:31  Gateway  
  47  3:34  Assimilator  
  47  3:37  Probe, Assimilator  
  48  3:41  Probe  
  48  3:45  Probe  
  48  3:48  Pylon  
  49  3:53  Probe  
  49  3:54  Stargate, Probe  
  52  4:05  Probe  
  52  4:06  Probe, Pylon  
  54  4:11  Phoenix  
  56  4:18  Probe  
  56  4:23  Probe  
  58  4:30  Phoenix x2  
  58  4:35  Pylon  
  58  4:38  Adept x2  
  66  4:52  Phoenix x2  
  70  5:00  Pylon  
  70  5:06  Nexus  
  70  5:07  Probe x2, Pylon  
  72  5:17  Phoenix  
  72  5:19  Probe x2  
  72  5:22  Shield Battery x2  
  72  5:29  Phoenix  
  72  5:31  Sentry x2  
  72  5:32  Probe  
  79  5:37  Probe  
  80  5:43  Robotics Facility  
  80  5:45  Probe  
  80  5:49  Robotics Facility  
  81  5:51  Probe  
  81  5:57  Probe  
  83  6:03  Probe  
  84  6:09  Probe  
  84  6:10  Forge  
  85  6:12  Twilight Council  
  85  6:15  Probe  
  85  6:16  Pylon  
  86  6:19  Probe, Immortal  
  86  6:21  Probe  
  88  6:28  Probe  
  88  6:31  Probe  
  94  6:36  Gateway  
  94  6:37  Gateway, Immortal  
  94  6:38  Assimilator  
  94  6:40  Protoss Ground Weapons Level 1  
  94  6:41  Probe  
  94  6:42  Charge, Assimilator  
  94  6:44  Probe  
  98  6:50  Pylon  
  98  6:57  Probe x3  
  98  6:58  Immortal  
  105  7:11  Gateway  
  105  7:12  Templar Archives  
  105  7:14  Gateway  
  105  7:19  Gateway  
  105  7:21  Immortal  
  109  7:28  Gateway  
  109  7:29  Pylon  
  109  7:34  Psionic Storm  
  109  7:38  Immortal  
  109  7:40  Zealot x2  
  109  7:41  Pylon  
  117  7:51  High Templar x2  
  117  7:56  Shield Battery  
  121  8:00  Immortal  
  121  8:02  Pylon  
  121  8:04  High Templar  
  127  8:12  Immortal  
  127  8:17  Shield Battery  
  127  8:19  Pylon  
  127  8:25  High Templar  
  133  8:27  Shield Battery  
  133  8:30  High Templar, Shield Battery  
  133  8:31  Sentry  
  137  8:40  Pylon  
  137  8:41  Zealot x5  
  141  8:43  Immortal  
  151  8:57  Zealot x2  
  147  9:06  Zealot x4  
  147  9:15  Zealot x2  
  147  9:18  Archon  
  147  9:19  Zealot x2  
Show
View Real Time Build Order
Export as new Build Order

Elazer Zerg 

Build Orders: Hatch First 

Get SALT Encoding   

  12  0:00  Drone  
  13  0:12  Overlord  
  13  0:17  Drone  
  14  0:31  Drone x2  
  16  0:49  Hatchery  
  15  0:52  Drone  
  15  0:55  Drone  
  17  0:59  Drone  
  18  1:10  Extractor  
  17  1:15  Spawning Pool  
  17  1:17  Drone  
  17  1:22  Drone  
  18  1:29  Drone  
  19  1:40  Drone  
  20  1:50  Drone  
  21  2:02  Overlord  
  21  2:03  Queen x2  
  21  2:04  Zergling x2  
  26  2:12  Zergling x2, Drone  
  28  2:22  Drone  
  29  2:23  Drone  
  30  2:31  Hatchery  
  30  2:36  Drone x2  
  32  2:44  Zergling x2  
  32  2:45  Queen  
  32  2:51  Overlord  
  34  2:55  Drone x2  
  36  3:13  Drone x3  
  36  3:14  Drone x3  
  36  3:16  Overlord  
  42  3:21  Queen  
  42  3:26  Overlord  
  44  3:38  Drone x4  
  49  3:41  Drone  
  49  3:43  Drone  
  50  3:50  Spore Crawler  
  50  3:51  Spore Crawler  
  50  3:53  Drone x2  
  50  3:54  Roach Warren, Spore Crawler  
  48  3:56  Overlord  
  48  3:58  Drone  
  48  4:01  Drone  
  48  4:02  Drone  
  51  4:07  Queen  
  51  4:08  Drone  
  54  4:12  Drone x2  
  54  4:15  Drone x2  
  58  4:18  Drone x2  
  60  4:26  Overlord  
  59  4:34  Roach  
  59  4:35  Roach x2  
  65  4:39  Lair  
  65  4:41  Extractor  
  65  4:42  Roach, Extractor  
  65  4:43  Drone  
  66  4:48  Drone x7  
  73  4:54  Overlord  
  73  4:57  Extractor  
  73  4:58  Roach  
  73  5:05  Overlord  
  73  5:07  Overlord  
  68  5:15  Drone x7  
  68  5:17  Drone x3  
  75  5:21  Drone  
  75  5:22  Drone x2  
  75  5:27  Queen  
  75  5:28  Queen  
  82  5:31  Spore Crawler  
  82  5:32  Spore Crawler  
  80  5:37  Spore Crawler, Drone x3  
  80  5:38  Drone  
  80  5:41  Drone  
  82  5:44  Drone  
  82  5:45  Drone x2  
  82  5:48  Drone x2  
  85  5:51  Drone x2  
  85  5:53  Spore Crawler  
  85  5:55  Spore Crawler, Drone  
  86  5:58  Drone x3  
  86  6:00  Drone  
  85  6:05  Drone  
  86  6:11  Drone  
  86  6:12  Drone  
  86  6:13  Spore Crawler  
  86  6:17  Extractor, Hydralisk Den  
  86  6:18  Overlord, Extractor, Evolution Chamber  
  84  6:21  Evolution Chamber  
  84  6:23  Overlord  
  82  6:25  Drone x3  
  82  6:26  Drone  
  82  6:29  Drone  
  82  6:32  Drone  
  85  6:33  Queen  
  85  6:38  Drone x2  
  89  6:44  Zerg Missile Weapons Level 1  
  85  6:52  Grooved Spines  
  85  6:53  Hydralisk x4  
  87  6:57  Hydralisk  
  87  6:59  Hatchery  
  94  7:01  Hydralisk x2  
  94  7:07  Hydralisk x3  
  104  7:13  Hydralisk  
  106  7:16  Overlord x2  
  106  7:22  Overlord x2  
  106  7:25  Overlord  
  106  7:32  Overlord  
  106  7:34  Hydralisk x4  
  114  7:40  Overlord x2  
  114  7:48  Hydralisk x3  
  119  7:52  Hydralisk x2  
  123  8:00  Hydralisk x3  
  123  8:04  Hydralisk x2  
  133  8:09  Muscular Augments  
  131  8:13  Hydralisk x2  
  135  8:21  Roach x4  
  143  8:27  Ravager x3  
  143  8:31  Hydralisk x4  
  154  8:34  Hydralisk  
  154  8:41  Hydralisk x2, Drone  

Tags
 
Add a new tag
Caveats
  • Supply blocks, unpowered buildings, or Contaminate may cause inaccurate times.
  • Supply counts are checked every 10 seconds.